 Dungeon Crawl Stone Soup version 0.25.1-2-g60ff931df9 (webtiles) character file.

Game seed: 6440719441352086321

110 DogServant the Grave Robber (level 4, -1/38 HPs)
             Began as a Demonspawn Necromancer on Oct 22, 2020.
             Slain by Crazy Yiuf
             ... wielding a +4 quarterstaff of chaos
              (2 damage)
             ... on level 2 of the Dungeon.
             The game lasted 00:03:54 (2179 turns).

DogServant the Grave Robber (DsNe)                  Turns: 2179, Time: 00:03:55

Health: -1/38      AC:  5    Str:  9    XL:     4   Next: 61%
Magic:  3/7        EV: 12    Int: 16    God:
Gold:   80         SH:  0    Dex: 20    Spells: 3/7 levels left

rFire    . . .     SeeInvis .   q - +0 long sword
rCold    . . .     Gourm    .   (no shield)
rNeg     . . .     Faith    .   g - +0 leather armour
rPois    .         Spirit   .   (no helmet)
rElec    .         Reflect  .   (no cloak)
rCorr    .         Harm     .   (no gloves)
MR       .....     Rnd*Tele +   (no boots)
Stlth    ++........             (no amulet)
HPRegen  0.12/turn              b - ring of teleportation (curse)
MPRegen  0.10/turn              i - +6 ring of dexterity

@: lethally poisoned (-1 -> -10)
A: molten scales 1, powered by death 1, spiny 1
a: no special abilities


You were on level 2 of the Dungeon.
You were not hungry.

You visited 1 branch of the dungeon, and saw 2 of its levels.

You collected 80 gold pieces.

Inventory:

Hand Weapons
 e - a +2 dagger of draining
 q - a +0 long sword (weapon)
Missiles
 o - 11 poisoned darts (quivered)
Armour
 a - a +0 robe
 f - a +0 ring mail
 g - a +0 leather armour (worn)
Jewellery
 b - a cursed ring of teleportation (left hand)
 i - a +6 ring of dexterity (right hand)
Scrolls
 k - a scroll of remove curse {unknown}
 l - a scroll of enchant armour {unknown}
 n - a scroll of identify {unknown}
 r - a scroll of teleportation {unknown}
Potions
 h - a potion of brilliance {unknown}
 j - a potion of cancellation {unknown}
 m - 2 potions of might {unknown}
 p - a potion of curing {unknown}
Comestibles
 c - 3 rations


   Skills:
 + Level 4.3 Fighting
 - Level 1.7 Dodging
 - Level 1.7 Stealth
 - Level 2.0 Spellcasting
 - Level 4.3 Necromancy


You had 3 spell levels left.
You knew the following spells:

 Your Spells              Type           Power        Failure   Level  Hunger
a - Pain                  Necr           ###.         4%          1    #......
b - Vampiric Draining     Necr           ###.......   14%         3    ###....

Your spell library contained the following spells:

 Spells                   Type           Power        Failure   Level  Hunger
 Animate Skeleton         Necr           N/A          4%          1    #......
 Animate Dead             Necr           N/A          43%         4    #####..
 Agony                    Necr           ###.....     80%         5    ######.


Dungeon Overview and Level Annotations

Branches:
Dungeon (2/15)

Altars:
Trog

Annotations:
D:2 Crazy Yiuf, Sigmund


Innate Abilities, Weirdness & Mutations

You are partially covered in molten scales. (AC +2)
You regenerate a little health from kills.
You are partially covered in sharp spines.


Message History

Crazy Yiuf is lightly wounded.
Crazy Yiuf hits you with a +4 quarterstaff of chaos!
You are poisoned.
Crazy Yiuf is struck by your spines.
Crazy Yiuf hits you with a +4 quarterstaff of chaos!
Crazy Yiuf burns you.
* * * LOW HITPOINT WARNING * * *
Casting: Pain (safe; 4% risk of failure)
Confirm with . or Enter, or press ? or * to list all spells.
The spell is quite dangerous to cast (14% risk of failure)!
Continue anyway?
Aiming: Vampiric Draining (quite dangerous; 14% risk of failure)
Press: ? - help, Shift-Dir - straight line, f/p - Crazy Yiuf
Aim: Crazy Yiuf, wielding a +4 quarterstaff of chaos and wearing a +0 cloak (lightly wounded) Crazy Yiuf is severely wounded.
You feel life coursing into your body.
You feel sick. Crazy Yiuf is struck by your spines.
Crazy Yiuf hits you with a +4 quarterstaff of chaos!
* * * LOW HITPOINT WARNING * * *
Crazy Yiuf freezes you.
You die...

......# #.#
#.#######.##.#######
#####.###.#
#...................
#)....#
#########.##.#######
####### ####.# #.#
#.####### ###
♣♣##........ #)..#♣♣
♣♣....####.##
#...g@♣♣♣♣..........#
#...#♣..♣......####.##
### ♣♣♣.♣....## ##..
♣♣♣♣♣### ###


You could see Crazy Yiuf.

Vanquished Creatures
  Jessica (D:2)
  Terence (D:2)
  An adder (D:2)
  2 worms (D:2)
  2 dart slugs (D:1)
  3 leopard geckos
  2 giant cockroaches
  10 goblins
  A hobgoblin (D:1)
  A kobold (D:2)
  6 bats
  2 frilled lizards (D:1)
  6 rats
38 creatures vanquished.

Notes
Turn   | Place    | Note
-------+----------+-------------------------------------------
     0 | D:1      | DogServant the Demonspawn Necromancer began the quest for
                  | the Orb.
     0 | D:1      | Reached XP level 1. HP: 13/13 MP: 3/3
   386 | D:1      | Reached skill level 1 in Fighting
   453 | D:1      | Gained mutation: You regenerate a little health from kills.
                  | [demonic ancestry]
   453 | D:1      | Reached XP level 2. HP: 18/22 MP: 0/5
   991 | D:1      | Gained mutation: You are partially covered in molten
                  | scales. (AC +2) [demonic ancestry]
   991 | D:1      | Reached XP level 3. HP: 25/28 MP: 0/6
  1196 | D:1      | Learned a level 3 spell: Vampiric Draining
  1263 | D:2      | Found a bloodstained altar of Trog.
  1318 | D:2      | Noticed Sigmund
  1702 | D:2      | Noticed Terence
  1715 | D:2      | Killed Terence
  1715 | D:2      | Gained mutation: You are partially covered in sharp spines.
                  | [demonic ancestry]
  1715 | D:2      | Reached XP level 4. HP: 31/37 MP: 1/7
  1899 | D:2      | Noticed Jessica
  1905 | D:2      | Killed Jessica
  2052 | D:2      | Found a runed translucent door.
  2053 | D:2      | Noticed Crazy Yiuf
  2179 | D:2      | HP: 1/38 [Crazy Yiuf/+4 quarterstaff of chaos (11)]
  2179 | D:2      | Slain by Crazy Yiuf

Illustrated notes

Levels and vault maps discovered:
D:1:      tarquinn_simple_flora_water_b, layout_basic
D:2:      layout_loops_ring, bloody_trog, uniq_terence, uniq_sigmund,
          uniq_jessica, uniq_crazy_yiuf_cottage

Skill      XL: |  1  2  3  4 |
---------------+-------------+-----
Fighting       | 1 2 3 4 |  4.3
Dodging        | |  1.7
Stealth        | |  1.7
Spellcasting   | |  2.0
Necromancy     | |  4.3

Action                   |  1- 3 |  4- 6 || total
-------------------------+-------+-------++-------
Melee: Unarmed           |     6 |       ||     6
       Dagger            |    31 |     5 ||    36
       Long sword        |       |     3 ||     3
Throw: Dart              |     7 |       ||     7
 Cast: Pain              |    50 |     1 ||    51
       Vampiric Draining |     1 |     1 ||     2
  Eat: Chunk             |     3 |     2 ||     5
Armor: Robe              |    10 |       ||    10
       Leather armour    |     6 |       ||     6
Dodge: Dodged            |    36 |     4 ||    40
       Rpst.: Long sword |       |     1 ||     1
